 Dungeon Crawl Stone Soup version 0.18.1-8-gdd0e5ea (webtiles) character file.

20197 raph the Carver (level 12, -2/107 HPs)
             Began as a Minotaur Fighter on May 31, 2016.
             Was a Priest of the Shining One.
             Slain by Rupert
             ... wielding a +3 triple sword of slicing
              (11 damage)
             ... while paralysed by Rupert
             ... on level 2 of the Lair of Beasts.
             The game lasted 00:33:35 (12830 turns).

raph the Carver (Minotaur Fighter)                 Turns: 12830, Time: 00:33:36

Health: -2/107     AC: 29    Str: 27    XL:     12   Next: 43%
Magic:  0/17       EV:  2    Int:  5    God:    the Shining One [***...]
Gold:   326        SH:  0    Dex: 14    Spells: 1 memorised, 9 levels left

rFire  + . .     SeeInvis .     S - +0 triple sword
rCold  + + +     Gourm    .     m - +6 scale mail "Anemoh" {rC+++ rN+}
rNeg   + + .     Faith    .     (shield currently unavailable)
rPois  +         Spirit   +     o - +1 hat {Spirit}
rElec  .         Dismiss  +     N - +2 cloak {rPois}
rCorr  .         Reflect  .     G - +1 pair of gloves
SustAt .         Harm     .     h - +1 pair of boots
MR     .....                    u - amulet of dismissal
Stlth  ..........               J - ring of protection from fire
                                A - +5 ring of protection

@: paralysed, mighty, divine shield, glowing, repel missiles, not resistant to
hostile enchantments, extremely unstealthy
A: retaliatory headbutt, horns 2
a: Divine Shield, Renounce Religion


You were on level 2 of the Lair of Beasts.
You worshipped the Shining One.
The Shining One was most pleased with you.
You were not hungry.

You visited 2 branches of the dungeon, and saw 12 of its levels.

You collected 678 gold pieces.
You spent 352 gold pieces at shops.

Inventory:

Hand Weapons
 a - a +1 long sword
 j - a +0 scimitar
 S - a +0 triple sword (weapon)
Missiles
 v - 7 tomahawks (quivered)
Armour
 c - a +1 shield
 h - a +1 pair of boots (worn)
 m - the +6 scale mail "Anemoh" (worn) {rC+++ rN+}
   (You found it on level 5 of the Dungeon)

   It renders you almost immune to cold.
   It protects you from negative energy.
 o - a +1 hat of spirit shield (worn)
 G - a +1 pair of gloves (worn)
 N - a +2 cloak of poison resistance (worn)
Jewellery
 b - an uncursed amulet of the gourmand
 u - an amulet of dismissal (around neck)
 y - an uncursed ring of flight
 A - a +5 ring of protection (left hand)
 J - a ring of protection from fire (right hand)
Wands
 e - a wand of iceblast (8/15)
 s - a wand of digging (10/24)
 C - a wand of teleportation (2/9)
 F - a wand of paralysis (13/24)
 I - a wand of slowing (22/48)
 Q - a wand of iceblast (14/15)
 V - a wand of paralysis (12/24)
Scrolls
 g - 5 scrolls of teleportation
 l - 5 scrolls of magic mapping
 q - 5 scrolls of remove curse
 B - 3 scrolls of amnesia
 E - 4 scrolls of blinking
 L - 3 scrolls of identify
 O - a scroll of enchant weapon
 P - a scroll of fear
Potions
 i - 3 potions of curing
 r - a potion of cure mutation
 t - 2 potions of flight
 x - 2 potions of cancellation
 D - 2 potions of agility
 M - a potion of berserk rage
 U - 3 potions of brilliance {unknown}
 W - a potion of resistance {unknown}
Books
 w - a book of Air

   Spells                             Type                      Level
   a - Shock                          Conjuration/Air              1
   b - Swiftness                      Charms/Air                   2
   c - Repel Missiles                 Charms/Air                   2
   d - Static Discharge               Conjuration/Air              3
   e - Lightning Bolt                 Conjuration/Air              5
 K - a book of Fire

   Spells                             Type                      Level
   a - Ignite Poison                  Fire/Transmutation/Poison    3
   b - Fireball                       Conjuration/Fire             5
   c - Bolt of Fire                   Conjuration/Fire             6
   d - Delayed Fireball               Conjuration/Fire             7
   e - Ring of Flames                 Charms/Fire                  7
 T - a book of Summonings

   Spells                             Type                      Level
   a - Recall                         Summoning/Translocation      3
   b - Aura of Abjuration             Summoning                    5
   c - Summon Demon                   Summoning                    5
   d - Summon Forest                  Summoning/Translocation      5
   e - Summon Mana Viper              Hexes/Summoning              5
   f - Shadow Creatures               Summoning                    6
Miscellaneous
 R - a phantom mirror
Comestibles
 f - 7 bread rations
 n - 2 beef jerkies
 p - a royal jelly
 z - a meat ration
 H - a slice of pizza
 X - 4 fruits


   Skills:
 + Level 10.5 Fighting
 * Level 13.9 Long Blades
 + Level 10.8 Armour
 + Level 5.7 Dodging
 - Level 9.6 Shields
 + Level 1.5 Charms
 + Level 8.0 Invocations


You had 9 spell levels left.
You knew the following spells:

 Your Spells              Type           Power        Failure   Level  Hunger
a - Repel Missiles        Chrm/Air       #.....       95%         2    ###....


Dungeon Overview and Level Annotations

Branches:
Dungeon (9/15)             Temple (0/1) D:4            Lair (3/8) D:9
 Shoals (0/4) Lair:3
  Snake: Lair:3-6    Spider: Lair:3-6       Orc: D:9-12

Altars:
Cheibriados
Dithmenos
Elyvilon
Gozag
Kikubaaqudgha
Qazlal
Ru
Trog
Vehumet
Xom
Yredelemnul
Zin
The Shining One

Shops:
D:5 %!%(   D:6 *   D:7 [

Annotations:
Lair:2 Rupert


Innate Abilities, Weirdness & Mutations

You reflexively headbutt those who attack you in melee.
You have a pair of horns on your head.


Message History

You slash Rupert!
Rupert is moderately wounded.
You block the yak's attack. You block Rupert's attack.
You block the yak's attack.
You slash Rupert!
Rupert is heavily wounded.
Rupert hits you but does no damage. You block the yak's attack.
You chop Rupert into pieces!!!
Rupert is severely wounded.
Rupert misses you. The yak barely misses you. Rupert closely misses you.
You furiously retaliate!
You headbutt Rupert. You slice Rupert!!
Rupert is almost dead.
Rupert is no longer berserk.
Rupert yells loudly at you.
You suddenly lose the ability to move!
The yak gores you but does no damage. The yak gores you!
* * * LOW HITPOINT WARNING * * *
Rupert hits you with a triple sword of slicing!
You die...

.##### ##.........## ##.##..
.....###.....#.....# #.#...
........#.##......## #######.#...
........#.P.#P...!.###≈..........
.....#P...............≈.#..#.#...
....##...........................
.....##..........####....≈.......
....###..#.###...# ##...≈..≈....
....# #.P#####.†@# ###.##≈PP#P...
....###..# #P.@Y###..≈.≈≈.....##
....##..## ##..l##.....≈..≈..##
.........#####...#....≈.......P#
..............................##
....###.......................#
....# ###.##.####.PP..........#
....# ###### ##............#
....# ###..........#


You could see Rupert, a komodo dragon and a yak.

Vanquished Creatures
  Gastronok (Lair:2)
  Harold (Lair:1)
  5 death yaks
  Pikel (D:5)
  2 black mambas (Lair:2)
  5 spiny frogs
  3 komodo dragons (Lair:1)
  A kobold demonologist (D:9)
  A two-headed ogre (D:9)
  8 blink frogs
  A spriggan (D:8)
  Eustachio (D:6)
  20 yaks
  A basilisk (Lair:3)
  6 hippogriffs
  Menkaure (D:6)
  2 water moccasins
  A black bear (D:8)
  An orc warrior (D:9)
  A sky beast (D:7)
  2 slaves (D:5)
  2 eyes of draining (D:7)
  2 phantoms
  9 wolves (Lair:2)
  The ghost of Thrillho the Poker, an amateur MfSk (D:3)
  A necrophage (D:9)
  2 crocodiles
  3 ogres
  2 centaurs
  4 big kobolds
  10 giant frogs
  A gnoll sergeant (D:8)
  3 scorpions
  A water moccasin skeleton (D:5)
  9 killer bees
  3 howler monkeys
  4 crimson imps
  A giant frog zombie (D:6)
  4 hounds
  4 jellies
  11 orc wizards
  4 orc priests
  Crazy Yiuf (D:5)
  3 giant frog skeletons
  5 iguanas
  8 worker ants
  A killer bee zombie (D:9)
  A hound zombie (D:7)
  Robin (D:2)
  A worker ant zombie (D:6)
  8 gnolls
  10 adders
  12 river rats
  An ooze (D:3)
  An adder skeleton (D:4)
  3 worms
  4 dart slugs
  3 giant geckos
  24 orcs
  9 bats
  8 giant cockroaches
  14 goblins
  9 hobgoblins
  10 jackals
  A quokka (D:3)
  4 giant newts
  A jackal skeleton (D:4)
  16 kobolds
  7 rats
312 creatures vanquished.

Vanquished Creatures (others)
  2 jellies (D:5)
  A giant gecko (D:5)
  A fungus (Lair:3)
4 creatures vanquished.

Grand Total: 316 creatures vanquished

Notes
Turn   | Place    | Note
--------------------------------------------------------------
     0 | D:1      | raph the Minotaur Fighter began the quest for the Orb.
     0 | D:1      | Reached XP level 1. HP: 19/19 MP: 0/0
   129 | D:1      | Reached XP level 2. HP: 27/27 MP: 1/1
   264 | D:1      | Reached skill level 3 in Long Blades
   721 | D:2      | Reached XP level 3. HP: 33/33 MP: 2/2
   899 | D:2      | Noticed Robin
   917 | D:2      | Killed Robin
  1148 | D:2      | Reached XP level 4. HP: 40/40 MP: 3/3
  1212 | D:2      | Reached skill level 4 in Long Blades
  1275 | D:2      | Found a glowing golden altar of the Shining One.
  1283 | D:2      | Became a worshipper of the Shining One
  1503 | D:3      | Noticed Thrillho's ghost (amateur MfSk)
  1558 | D:3      | Killed Thrillho's ghost
  1558 | D:3      | Reached XP level 5. HP: 27/47 MP: 4/4
  1891 | D:3      | Reached skill level 5 in Long Blades
  2481 | D:3      | Reached XP level 6. HP: 55/55 MP: 5/5
  2766 | D:4      | Found a shimmering altar of Xom.
  2776 | D:3      | Reached skill level 5 in Fighting
  2780 | D:3      | Reached skill level 5 in Armour
  2780 | D:3      | Reached skill level 5 in Shields
  2931 | D:4      | Found a staircase to the Ecumenical Temple.
  3311 | D:4      | Reached XP level 7. HP: 49/61 MP: 6/6
  3369 | D:4      | Reached skill level 6 in Long Blades
  3883 | D:5      | Entered Level 5 of the Dungeon
  3920 | D:5      | Found Dyr Imy's Food Shoppe.
  4156 | D:5      | Found Oboff's Food Boutique.
  4251 | D:5      | Reached skill level 1 in Invocations
  4377 | D:5      | Noticed Crazy Yiuf
  4384 | D:5      | Killed Crazy Yiuf
  4418 | D:5      | Got an ichor-stained mace
  4419 | D:5      | Identified the +11 mace "Egatohyohu" {venom, *Contam rElec rN+} (You found it on level 5 of the Dungeon)
  4499 | D:5      | Gained mutation: You regenerate slowly when monsters are visible. [mutagenic glow]
  4651 | D:5      | Noticed Pikel
  4663 | D:5      | Killed Pikel
  4663 | D:5      | Reached skill level 7 in Long Blades
  4663 | D:5      | Reached XP level 8. HP: 48/69 MP: 7/9
  4747 | D:5      | Found Boxair's Distillery.
  4755 | D:5      | Bought a potion of curing for 30 gold pieces
  4755 | D:5      | Bought a potion of heal wounds for 50 gold pieces
  4755 | D:5      | Bought a potion of haste for 100 gold pieces
  4759 | D:5      | Found a snail-covered altar of Cheibriados.
  4768 | D:5      | Reached * piety under the Shining One
  4772 | D:5      | Found a basalt altar of Yredelemnul.
  4772 | D:5      | Found an opulent altar of Gozag.
  4772 | D:5      | Found a sacrificial altar of Ru.
  4778 | D:5      | Reached skill level 8 in Long Blades
  4785 | D:5      | Found a bloodstained altar of Trog.
  4788 | D:5      | Found a shadowy altar of Dithmenos.
  4950 | D:5      | Found Miabyuh's Antique Weapon Emporium.
  5146 | D:5      | Got a citrine-encrusted scale mail
  5157 | D:5      | Identified the +6 scale mail "Anemoh" {rC+++ rN+} (You found it on level 5 of the Dungeon)
  5341 | D:6      | Noticed Menkaure
  5347 | D:6      | Killed Menkaure
  5412 | D:6      | Found a radiant altar of Vehumet.
  5425 | D:6      | Noticed Eustachio
  5429 | D:6      | Reached skill level 1 in Dodging
  5446 | D:6      | Killed Eustachio
  5531 | D:6      | Found Zufoick's Assorted Antiques.
  5547 | D:6      | Bought a scroll labeled KYMAPO CIUJOBIR for 28 gold pieces
  5649 | D:6      | Reached XP level 9. HP: 68/75 MP: 10/10
  5678 | D:6      | Found an ancient bone altar of Kikubaaqudgha.
  5729 | D:6      | Reached skill level 9 in Long Blades
  6362 | D:7      | Found Joxky's Antique Armour Shoppe.
  6469 | D:7      | Reached ** piety under the Shining One
  6473 | D:7      | Found a bloodstained altar of Trog.
  6846 | D:8      | Reached skill level 10 in Long Blades
  7351 | D:8      | Reached XP level 10. HP: 86/86 MP: 12/12
  7433 | D:8      | Reached skill level 5 in Invocations
  7441 | D:8      | Lost mutation: You regenerate slowly when monsters are visible. [potion of cure mutation]
  8274 | D:7      | Bought a glowing cloak for 144 gold pieces
  8452 | D:9      | Noticed a smoke demon
  8455 | D:9      | Noticed a sixfirhy
  8457 | D:9      | Reached skill level 11 in Long Blades
  9051 | D:9      | Found a staircase to the Lair.
  9158 | D:9      | Found a white marble altar of Elyvilon.
  9162 | D:9      | Found a stormy altar of Qazlal.
  9171 | D:9      | Found a glowing silver altar of Zin.
  9263 | D:9      | Reached *** piety under the Shining One
  9328 | Lair:1   | Entered Level 1 of the Lair of Beasts
  9758 | Lair:1   | Reached XP level 11. HP: 85/95 MP: 12/14
 10173 | Lair:1   | Noticed Harold
 10194 | Lair:1   | Killed Harold
 10194 | Lair:1   | Reached skill level 12 in Long Blades
 11157 | Lair:2   | Found an opulent altar of Gozag.
 11179 | Lair:2   | Reached skill level 10 in Armour
 11346 | Lair:2   | Noticed Gastronok
 11362 | Lair:2   | Killed Gastronok
 11362 | Lair:2   | Reached skill level 13 in Long Blades
 11398 | Lair:2   | Reached skill level 10 in Fighting
 11527 | Lair:2   | Reached XP level 12. HP: 72/106 MP: 16/16
 11594 | Lair:2   | Reached skill level 5 in Dodging
 12071 | Lair:2   | Learned a level 2 spell: Repel Missiles
 12129 | Lair:3   | Found a staircase to the Shoals.
 12302 | Lair:3   | Noticed a seven-headed hydra
 12426 | Lair:3   | Noticed a death yak
 12426 | Lair:3   | Noticed a death yak
 12426 | Lair:3   | Noticed a death yak
 12426 | Lair:3   | Noticed a death yak
 12426 | Lair:3   | Noticed a death yak
 12432 | Lair:2   | Killed a death yak
 12436 | Lair:2   | Killed a death yak
 12462 | Lair:2   | Killed a death yak
 12462 | Lair:2   | Reached skill level 1 in Charms
 12486 | Lair:2   | Killed a death yak
 12774 | Lair:3   | Killed a death yak
 12801 | Lair:3   | Noticed Rupert
 12806 | Lair:3   | Paralysed by Rupert for 3 turns
 12829 | Lair:2   | Paralysed by Rupert for 5 turns
 12830 | Lair:2   | Slain by Rupert

Skill      XL: |  1  2  3  4  5  6  7  8  9 10 11 12 |
---------------+-------------------------------------+-----
Long Blades    | 3 4 5 7 8 10 11 13 | 13.9
Fighting       | 4 5 7 8 10 | 10.5
Shields        | 4 5 6 7 9 |  9.6
Armour         | 4 5 6 7 8 9 10 | 10.8
Invocations    | 2 3 4 6 7 8 |  8.0
Dodging        | 1 3 4 5 |  5.7
Charms         | 1 |  1.5

Action                   |  1- 3 |  4- 6 |  7- 9 | 10-12 || total
-------------------------+-------+-------+-------+-------++-------
Melee: Long sword        |    82 |   164 |   313 |   325 ||   884
       Headbutt          |     7 |    32 |    61 |   107 ||   207
       Triple sword      |       |       |       |   193 ||   193
Throw: Tomahawk          |       |       |     1 |     1 ||     2
 Cast: Repel Missiles    |       |       |       |     1 ||     1
Invok: Divine Shield     |       |       |       |     6 ||     6
  Use: Scroll            |       |       |    18 |     8 ||    26
       Potion            |       |       |       |     4 ||     4
  Eat: Chunk             |     1 |     6 |    14 |    15 ||    36
       Meat ration       |       |       |       |     1 ||     1
Armor: Scale mail        |    48 |    41 |   126 |   315 ||   530
       Chain mail        |       |    32 |    48 |       ||    80
Dodge: Dodged            |    36 |    46 |   114 |   300 ||   496
Block: Shield            |    37 |    83 |   219 |   249 ||   588
       Other             |       |       |       |    41 ||    41
